 Dungeon Crawl Stone Soup version 0.16.1-16-gc44b35d (webtiles) character file.

107 Chiseanne the Ogre Mage (level 4, 0/42 HPs)
             Began as an Ogre Enchanter on Apr 28, 2015.
             Slain by an orc
             ... wielding a +0 hand axe
              (6 damage)
             ... on level 4 of the Dungeon.
             The game lasted 00:07:57 (3749 turns).

Chiseanne the Ogre Mage (Ogre Enchanter)            Turns: 3749, Time: 00:07:57

Health: 0/42       AC:  4    Str: 13    XL:     4   Next: 86%
Magic:  9/9        EV: 10    Int: 14    God:
Gold:   97         SH:  0    Dex: 11    Spells: 4 memorised, 1 level left

rFire  . . .     SeeInvis .     e - -1 short sword (curse)
rCold  . . .     Clarity  .     b - +1 robe
rNeg   . . .     SustAb   .     (shield restricted)
rPois  .         Gourm    +     (helmet restricted)
rElec  .         Spirit   .     (no cloak)
rCorr  .         Warding  .     (gloves unavailable)
rMut   .         Stasis   .     (boots unavailable)
MR     .....                    r - amulet of the gourmand
Stlth  ++........               (no ring)
                                (no ring)

@: not resistant to hostile enchantments, unstealthy
A: unfitting armour, tough skin 1
a: no special abilities


You were on level 4 of the Dungeon.
You were not hungry.

You visited 1 branch of the dungeon, and saw 4 of its levels.

You collected 97 gold pieces.

Inventory:

Hand weapons
 a - a +1 dagger
 e - a cursed -1 short sword (weapon)
 g - a +0 mace
 i - a +0 flail
 k - a +2 dagger of electrocution
Missiles
 j - 21 sling bullets
 m - 10 arrows
 q - 20 poisoned needles
Armour
 b - a +1 robe (worn)
Jewellery
 r - an amulet of the gourmand (around neck)
Potions
 n - a potion of resistance {unknown}
 o - a potion of cancellation {unknown}
 p - a potion of berserk rage {unknown}
Books
 c - a book of Maledictions

   Spells                             Type                      Level
   a - Corona                         Hexes                        1
   b - Sure Blade                     Hexes/Charms                 2
   c - Ensorcelled Hibernation        Hexes/Ice                    2
   d - Confuse                        Hexes                        3
   e - Dazzling Spray                 Conjuration/Hexes            3
   f - Enslavement                    Hexes                        4
Comestibles
 d - 3 meat rations
 f - a bread ration


   Skills:
 * Level 2.0 Fighting
 - Level 0.5 Short Blades
 * Level 2.8 Dodging
 - Level 2.4 Stealth
 * Level 3.4 Spellcasting
 * Level 2.8 Hexes


You had one spell level left.
You knew the following spells:

 Your Spells              Type           Power        Failure   Level  Hunger
a - Corona                Hex            ##.....      10%         1    #......
b - Ensorcelled Hibernat  Hex/Ice        #.....       21%         2    ##.....
c - Sure Blade            Hex/Chrm       #.........   21%         2    ##.....
d - Confuse               Hex            ##......     21%         3    ###....


Dungeon Overview and Level Annotations

Branches:
Dungeon (4/15)
 Temple: D:4-7

Altars:


Innate Abilities, Weirdness & Mutations

You are too large for most types of armour.
You have tough skin (AC +1).


Message History

The orc is severely wounded.
The orc hits you but does no damage.
The orc wizard points at you and mumbles some strange words.
The magic dart hits you!
You barely miss the orc.
The orc is severely wounded.
The orc hits you with an enchanted trident!
You hit the orc.
The orc is almost dead.
The orc hits you but does no damage.
The orc wizard hits you but does no damage.
The orc hits you with a hand axe.
You hit the orc but do no damage.
The orc is almost dead.
The orc stops glowing.
The orc wizard hits you with a dagger.
* * * LOW HITPOINT WARNING * * *
The orc hits you with an enchanted trident.
* * * LOW HITPOINT WARNING * * *
The orc hits you with a hand axe.
You die...

### #.# #.# #.# #
#.# #.#######.#
#.........##
####...oo.#...##
+.....>o@.#....##
####
#.##...####.....##
#...Z #..
#...#..##..# #.
#...#......# ..
.....##....## .
....$..##....#
....[..##..##
##.a.. #..# #...
####


You could see an orc wizard and 2 orcs.

Vanquished Creatures
  An orc priest (D:3)
  3 adders
  5 giant geckos
  3 orcs (D:3)
  8 bats
  3 giant cockroaches (D:1)
  8 hobgoblins
  3 kobolds
  2 giant newts (D:2)
  4 goblins
  6 rats
46 creatures vanquished.

Notes
Turn   | Place    | Note
--------------------------------------------------------------
     0 | D:1      | Chiseanne, the Ogre Enchanter, began the quest for the Orb.
     0 | D:1      | Reached XP level 1. HP: 16/16 MP: 3/3
   561 | D:1      | Reached XP level 2. HP: 2/26 MP: 1/5
   562 | D:1      | HP: 1/26 [rat (1)]
  1344 | D:1      | Learned a level 2 spell: Ensorcelled Hibernation
  1347 | D:1      | Learned a level 2 spell: Sure Blade
  1434 | D:1      | Reached skill level 1 in Fighting
  2007 | D:2      | Reached XP level 3. HP: 25/33 MP: 3/6
  2640 | D:2      | Reached skill level 3 in Spellcasting
  2942 | D:2      | Reached XP level 4. HP: 41/41 MP: 6/9
  2971 | D:2      | Learned a level 3 spell: Confuse
  3749 | D:4      | Slain by an orc

Action                   |  1- 3 |  4- 6 || total
-------------------------+-------+-------++-------
Melee: Short sword       |   191 |    48 ||   239
       Dagger            |     7 |       ||     7
 Cast: Corona            |    39 |    23 ||    62
       Confuse           |       |     1 ||     1
  Use: Scroll            |     5 |     3 ||     8
       Potion            |       |     2 ||     2
  Eat: Chunk             |     7 |     3 ||    10
       Pizza             |     1 |     1 ||     2
